 Dungeon Crawl Stone Soup version 0.24-a0-378-g94936e5 (webtiles) character file.

Game seed: 13906879926419281546

1631 silenth the Carver (level 8, -1/65 HPs)
             Began as a Barachi Gladiator on June 2, 2019.
             Was a Priest of Cheibriados.
             Slain by an orc warrior
             ... wielding a +2 trident of venom
              (20 damage)
             ... on level 6 of the Dungeon.
             The game lasted 00:08:34 (3935 turns).

silenth the Carver (Barachi Gladiator)              Turns: 3935, Time: 00:08:34

Health: -1/65      AC: 10    Str: 23    XL:     8   Next: 98%
Magic:  10/10      EV: 15    Int: 17    God:    Cheibriados [***...]
Gold:   258        SH:  0    Dex: 24    Spells: 5/8 levels left

rFire    . . .     SeeInvis .   a - +1 long sword
rCold    + . .     Gourm    .   (no shield)
rNeg     . . .     Faith    .   C - +1 ring mail {rC+}
rPois    .         Spirit   .   c - +2 helmet
rElec    .         Reflect  .   (no cloak)
rCorr    .         Harm     .   (no gloves)
MR       .....                  (no boots)
Stlth    ++........             m - amulet of regeneration
HPRegen  0.60/turn              g - ring of wizardry
MPRegen  0.12/turn              (no ring)

@: lethally poisoned (-1 -> -6), can't hop, very slow
A: +LOS, swims, slowness 1, strong legs 1
a: Hop, Bend Time, Temporal Distortion, Renounce Religion


You were on level 6 of the Dungeon.
You worshipped Cheibriados.
Cheibriados was most pleased with you.
You were not hungry.

You visited 1 branch of the dungeon, and saw 6 of its levels.

You collected 258 gold pieces.

Inventory:

Hand Weapons
 a - a +1 long sword (weapon)
Missiles
 d - 3 throwing nets
 z - 13 boomerangs (quivered)
 A - 33 poisoned darts
Armour
 b - a +0 plate armour of fire resistance
 c - a +2 helmet (worn)
 C - a +1 ring mail of cold resistance (worn)
Jewellery
 g - a ring of wizardry (left hand)
 m - an amulet of regeneration (around neck)
 o - an uncursed ring of fire
Scrolls
 j - 2 scrolls of enchant weapon
 l - a scroll of fear
 q - 2 scrolls of enchant armour
 r - a scroll of remove curse
 v - a scroll of amnesia
Potions
 f - 4 potions of curing {unknown}
 h - a potion of flight {unknown}
 k - a potion of resistance
 n - 3 potions of agility {unknown}
 s - 4 potions of heal wounds {unknown}
 t - 3 potions of degeneration {unknown}
 w - a potion of magic
 x - a potion of berserk rage {unknown}
 B - 2 potions of lignification
 D - a potion of ambrosia
Comestibles
 e - 9 rations
 i - 3 chunks of flesh


   Skills:
 + Level 6.3 Fighting
 * Level 9.2 Long Blades
 - Level 2.0 Throwing
 + Level 3.9 Armour
 - Level 5.0 Dodging
 + Level 1.2 Stealth
 + Level 0.9 Spellcasting
 + Level 1.0 Hexes
 + Level 0.8 Necromancy
 + Level 1.1 Translocations
 - Level 3.0 Invocations


You had 5 spell levels left.
You knew the following spells:

 Your Spells              Type           Power        Failure   Level  Hunger
a - Apportation           Tloc           #.....       9%          1    ##.....
b - Animate Skeleton      Necr           N/A          9%          1    ##.....
c - Confusing Touch       Hex            #.....       9%          1    ##.....

Your spell library contained the following spells:

 Spells                   Type           Power        Failure   Level  Hunger
 Summon Small Mammal      Summ           #...         13%         1    ##.....


Dungeon Overview and Level Annotations

Branches:
Dungeon (6/15)
 Temple: D:4-7

Altars:
Cheibriados
Dithmenos
Fedhas
Hepliaklqana
Makhleb
Ru
Yredelemnul


Innate Abilities, Weirdness & Mutations

Shadows flee at your approach. (+LOS)
You can swim through water.
You cover ground slowly.
You can hop short distances.


Message History

The orc wizard is moderately wounded.
You feel sick.
The orc warrior hits you with a +2 trident of venom!
The orc wizard casts a spell at you. The puff of flame hits you.
The orc completely misses you.
You riposte.
You hit the orc.
The orc is heavily wounded.
The phantom hits you!
The phantom blinks!
You hit the orc wizard.
The orc wizard is moderately wounded.
You feel sick. The orc warrior misses you.
You riposte.
You hit the orc warrior but do no damage.
The orc wizard hits you with a +0 dagger.
* * * LOW HITPOINT WARNING * * *
The orc closely misses you.
You closely miss the orc wizard.
The orc wizard is moderately wounded.
You feel sick. The orc wizard closely misses you.
The orc warrior hits you with a +2 trident of venom!!
You die...

#......##......#
#....##..#....#
##....#.##....##
#........#.....###+##
#............#......#
#...................# #
###.......h..W......###.#
#.........##o..........
#.......##.@........# #
#.....÷....oo.......#...
##.......)..##..........
##..........†....#.... .
####....##.)....# ### ..
##...##.)#######.# ...
#..####)## #...##....
##.#.#.).####......# .
##....÷....<#....##.#..


You could see a phantom, an orc warrior, an orc wizard and an orc.

Vanquished Creatures
  Grinder (D:6)
  2 ice beasts (D:5)
  An orc warrior (D:6)
  A necrophage (D:6)
  An ogre (D:5)
  2 bullfrogs (D:6)
  2 scorpions
  2 howler monkeys (D:6)
  5 crimson imps
  A bullfrog zombie (D:5)
  2 hounds (D:4)
  Jessica (D:3)
  An iguana (D:6)
  4 orc wizards
  2 worker ants
  Terence (D:3)
  A hound skeleton (D:6)
  9 adders
  2 shadow imps
  A worm (D:2)
  2 dart slugs
  2 leopard geckos
  17 orcs
  4 bats
  4 giant cockroaches
  4 goblins
  5 hobgoblins
  8 jackals
  3 quokkas
  A ball python (D:4)
  8 frilled lizards
  5 kobolds
  A leopard gecko zombie (D:5)
  2 quokka skeletons
  4 rats
112 creatures vanquished.

Notes
Turn   | Place    | Note
-------+----------+-------------------------------------------
     0 | D:1      | silenth the Barachi Gladiator began the quest for the Orb.
     0 | D:1      | Reached XP level 1. HP: 17/17 MP: 1/1
   233 | D:1      | Reached skill level 4 in Long Blades
   241 | D:1      | Reached XP level 2. HP: 20/23 MP: 2/2
   427 | D:1      | Found a snail-covered altar of Cheibriados.
   436 | D:1      | Became a worshipper of Cheibriados the Contemplative
   763 | D:2      | Found a sacrificial altar of Ru.
   765 | D:2      | Found a blossoming altar of Fedhas.
   827 | D:2      | Reached skill level 3 in Fighting
   827 | D:2      | Reached XP level 3. HP: 20/29 MP: 3/3
   927 | D:2      | Found a shadowy altar of Dithmenos.
   971 | D:2      | Reached * piety under Cheibriados
  1000 | D:2      | Reached skill level 1 in Invocations
  1110 | D:2      | Reached XP level 4. HP: 23/35 MP: 4/4
  1134 | D:2      | Found a hazy altar of Hepliaklqana.
  1199 | D:2      | Learned a level 1 spell: Apportation
  1201 | D:2      | Learned a level 1 spell: Animate Skeleton
  1203 | D:2      | Learned a level 1 spell: Confusing Touch
  1382 | D:2      | Reached skill level 5 in Long Blades
  1425 | D:3      | Noticed Jessica
  1432 | D:3      | Killed Jessica
  1434 | D:3      | Found a basalt altar of Yredelemnul.
  1434 | D:3      | You fall into a shaft and drop 1 floor!
  1462 | D:4      | Reached XP level 5. HP: 27/42 MP: 4/6
  1636 | D:4      | Reached skill level 4 in Fighting
  1645 | D:4      | Reached skill level 6 in Long Blades
  1645 | D:4      | Reached skill level 2 in Invocations
  1721 | D:4      | Found a burning altar of Makhleb.
  1744 | D:4      | Reached XP level 6. HP: 48/48 MP: 7/7
  2006 | D:3      | Noticed Terence
  2009 | D:3      | Reached ** piety under Cheibriados
  2024 | D:3      | Killed Terence
  2024 | D:3      | Reached skill level 1 in Armour
  2901 | D:4      | Reached XP level 7. HP: 55/55 MP: 8/8
  2917 | D:5      | Entered Level 5 of the Dungeon
  2968 | D:5      | Reached skill level 7 in Long Blades
  2999 | D:5      | Reached skill level 2 in Armour
  2999 | D:5      | Reached skill level 4 in Dodging
  3022 | D:5      | Reached skill level 5 in Fighting
  3022 | D:5      | Reached skill level 3 in Invocations
  3302 | D:5      | Reached *** piety under Cheibriados
  3302 | D:5      | Reached XP level 8. HP: 55/62 MP: 10/10
  3325 | D:5      | Reached skill level 3 in Armour
  3468 | D:6      | Reached skill level 8 in Long Blades
  3692 | D:6      | Reached skill level 5 in Dodging
  3696 | D:6      | Reached skill level 6 in Fighting
  3806 | D:6      | Noticed Grinder
  3806 | D:6      | Paralysed by Grinder for 5 turns
  3818 | D:6      | Paralysed by Grinder for 5 turns
  3836 | D:6      | Killed Grinder
  3836 | D:6      | Reached skill level 9 in Long Blades
  3836 | D:6      | Reached skill level 1 in Stealth
  3922 | D:6      | Reached skill level 1 in Hexes
  3922 | D:6      | Reached skill level 1 in Translocations
  3935 | D:6      | Slain by an orc warrior

Levels and vault maps discovered:
D:1:      dpeg_arrival_renting, layout_basic, cheibriados_altar_1
D:2:      layout_basic, nicolae_overflow_hidden_temple,
          nicolae_dithmenos_shadow_blocks
D:3:      layout_rooms, yredelemnul_altar_generic, uniq_jessica, uniq_terence
D:4:      layout_basic, makhleb_grotto_becter, first_ration
D:5:      layout_cave_pools
D:6:      layout_cave_pools, lemuel_coloured_pillars_altar,
          gammafunk_temple_overflow_forgotten, minmay_temple_entry_stoned_glass,
          trog_butcher_becter, uniq_duvessa, uniq_grinder

Skill      XL: |  1  2  3  4  5  6  7  8 |
---------------+-------------------------+-----
Long Blades    | 4 5 6 7 9 |  9.2
Fighting       | 3 4 5 6 |  6.3
Invocations    | 1 2 3 |  3.0
Armour         | 1 2 3 |  3.9
Dodging        | 4 5 |  5.0
Stealth        | 1 |  1.2
Hexes          | 1 |  1.0
Translocations | 1 |  1.1
Throwing       | |  2.0
Spellcasting   | |  0.9
Necromancy     | |  0.8

Action                   |  1- 3 |  4- 6 |  7- 9 || total
-------------------------+-------+-------+-------++-------
Melee: Long sword        |    85 |   179 |   175 ||   439
Throw: Dart              |       |       |     3 ||     3
       Boomerang         |       |       |     2 ||     2
 Abil: Hop               |       |       |     2 ||     2
  Use: Scroll            |       |     5 |     9 ||    14
       Potion            |       |       |     1 ||     1
  Eat: Chunk             |     1 |     3 |     3 ||     7
Armor: Leather armour    |     2 |       |       ||     2
       Ring mail         |    27 |    63 |    60 ||   150
Dodge: Dodged            |    62 |   130 |   144 ||   336
       Rpst.: Long sword |    19 |    40 |    44 ||   103

Table legend:
 A = Non-vault XP
 B = Vault XP
 C = Vault XP percentage of total XP
 D = Non-vault monster count
 E = Vault monster count
 F = Vault count percentage of total count
                 A         B        C        D         E       F
            +---------+---------+-------+---------+---------+-------
      Total |    1945 |     386 |  16.6 |     108 |       4 |   3.6
            +---------+---------+-------+---------+---------+-------
        D:1 |      23 |       0 |   0.0 |      13 |       0 |   0.0
        D:2 |      64 |       0 |   0.0 |      18 |       0 |   0.0
        D:3 |      56 |      69 |  55.2 |      16 |       2 |  11.1
        D:4 |     359 |      50 |  12.2 |      22 |       1 |   4.3
        D:5 |     706 |       0 |   0.0 |      19 |       0 |   0.0
        D:6 |     737 |     267 |  26.6 |      20 |       1 |   4.8
            +---------+---------+-------+---------+---------+-------
